[ AOE2 MATCH · #504751570 ]
UnrankedTeutons vs Franks
Player's team · LOSS
Rival team · WIN
[ REPLAY ANALYSIS · EXTRACTED FROM THE RECORDED GAME ]
Feudal
8:51
Castle
22:55
Imperial
31:14
| APM avg | 37.1 |
| APM peak | 92 |
| eAPM avg | 23.4 |
| Villagers / military | 110 / 111 |
Focus
⚔️ 29.0% · 🌾 71.0%
Knight ×54 · Hand Cannoneer ×21 · Bombard Cannon ×12 · Monk ×7 · Scorpion ×7 · Spearman ×7
Feudal
10:34
Castle
14:40
Imperial
32:54
| APM avg | 37.7 |
| APM peak | 82 |
| eAPM avg | 20.0 |
| Villagers / military | 151 / 215 |
Focus
⚔️ 25.5% · 🌾 74.5%
Scout Cavalry ×123 · Throwing Axeman ×66 · Hand Cannoneer ×13 · Bombard Cannon ×7 · Petard ×3 · Trebuchet (Packed) ×3
Match map
Initial resources + every placement click. Lines = walls · curves = elevation contours. ◆ gold · ⬟ stone · ● berries · ✦ relic · ◌ wall gap
Your base· ✓ Closed at 22:55 · 59t walls · 3 gate(s)
is it pink?'s base· ✓ Closed at 14:40 · 10t walls · 2 gate(s)
Smoothed initial terrain · ◌ = detected wall gap · hover for details
Inputs per minute
— Scol1ng - - is it pink?
Build order — Scol1ng
First 150 of 390 actions detected
| 0:00 | Queue | Villager (Male) |
| 0:01 | Queue | Villager (Male) |
| 0:02 | Build | House |
| 0:02 | Build | House |
| 0:23 | Queue | Villager (Male) |
| 0:24 | Queue | Villager (Male) |
| 1:12 | Queue | Villager (Male) |
| 1:44 | Build | Lumber Camp |
| 1:53 | Queue | Villager (Male) |
| 2:13 | Queue | Villager (Male) |
| 2:31 | Queue | Villager (Male) |
| 2:51 | Queue | Villager (Male) |
| 3:18 | Queue | Villager (Male) |
| 3:23 | Build | House |
| 3:41 | Queue | Villager (Male) |
| 4:15 | Build | Mill |
| 4:24 | Queue | Villager (Male) |
| 4:48 | Queue | Villager (Male) |
| 5:07 | Queue | Villager (Male) |
| 5:25 | Queue | Villager (Male) |
| 6:01 | Research | Loom |
| 6:34 | Research | Feudal Age |
| 6:38 | Build | Mining Camp |
| 8:14 | Queue | Villager (Male) |
| 8:40 | Build | House |
| 8:51 | Age | Feudal Age |
| 8:54 | Queue | Villager (Male) |
| 9:04 | Build | Watch Tower |
| 9:11 | Queue | Villager (Male) |
| 9:23 | Queue | Villager (Male) |
| 9:28 | Research | Double-Bit Axe |
| 10:10 | Queue | Villager (Male) |
| 10:26 | Queue | Villager (Male) |
| 10:36 | Build | Blacksmith |
| 10:56 | Build | Watch Tower |
| 11:10 | Build | House |
| 11:39 | Queue | Villager (Male) |
| 11:52 | Build | Watch Tower |
| 11:58 | Queue | Villager (Male) |
| 12:14 | Queue | Villager (Male) |
| 12:26 | Build | Watch Tower |
| 12:30 | Queue | Villager (Male) |
| 12:35 | Build | Farm |
| 12:38 | Build | Farm |
| 12:40 | Build | Farm |
| 12:44 | Build | Mill |
| 13:13 | Queue | Villager (Male) |
| 13:32 | Build | House |
| 13:33 | Build | House |
| 13:35 | Queue | Villager (Male) |
| 13:53 | Build | Farm |
| 14:09 | Research | Fletching |
| 14:12 | Build | Farm |
| 14:15 | Build | Farm |
| 14:25 | Queue | Villager (Male) |
| 14:32 | Build | Watch Tower |
| 14:37 | Queue | Villager (Male) |
| 14:40 | Queue | Villager (Male) |
| 15:08 | Queue | Villager (Male) |
| 15:23 | Queue | Villager (Male) |
| 15:33 | Queue | Villager (Male) |
| 15:53 | Build | Stone Wall |
| 15:53 | Build | Stone Wall |
| 15:54 | Build | Stone Wall |
| 15:54 | Build | Stone Wall |
| 15:54 | Build | Stone Wall |
| 15:55 | Build | Stone Wall |
| 15:55 | Build | Stone Wall |
| 15:55 | Build | Stone Wall |
| 15:56 | Build | Stone Wall |
| 16:08 | Build | Stone Wall |
| 16:08 | Build | Stone Wall |
| 16:09 | Build | Stone Wall |
| 16:10 | Build | Stone Wall |
| 16:10 | Queue | Villager (Male) |
| 16:15 | Build | Mill |
| 16:25 | Build | Outpost |
| 16:26 | Build | Outpost |
| 16:28 | Build | Outpost |
| 16:29 | Queue | Villager (Male) |
| 16:35 | Queue | Villager (Male) |
| 16:46 | Research | Horse Collar |
| 16:49 | Queue | Villager (Male) |
| 17:00 | Build | Stone Wall |
| 17:05 | Build | Stone Wall |
| 17:06 | Build | Stone Wall |
| 17:06 | Build | Stone Wall |
| 17:07 | Build | Stone Wall |
| 17:08 | Queue | Villager (Male) |
| 17:15 | Queue | Villager (Male) |
| 17:26 | Queue | Villager (Male) |
| 17:29 | Queue | Villager (Male) |
| 17:38 | Build | Gate |
| 17:44 | Queue | Villager (Male) |
| 17:47 | Build | Farm |
| 17:51 | Build | Farm |
| 18:03 | Build | Farm |
| 18:12 | Build | Stone Wall |
| 18:13 | Queue | Villager (Male) |
| 18:17 | Build | House |
| 18:18 | Build | House |
| 18:39 | Build | Mining Camp |
| 18:57 | Build | Stone Wall |
| 19:09 | Queue | Villager (Male) |
| 19:27 | Build | Market |
| 19:35 | Queue | Villager (Male) |
| 19:46 | Queue | Villager (Male) |
| 19:55 | Research | Castle Age |
| 19:59 | Build | Lumber Camp |
| 20:13 | Build | Stone Wall |
| 20:13 | Build | Stone Wall |
| 20:14 | Build | Stone Wall |
| 20:15 | Build | Stone Wall |
| 20:21 | Queue | Villager (Male) |
| 21:00 | Queue | Villager (Male) |
| 21:03 | Build | Farm |
| 21:05 | Build | Farm |
| 21:09 | Build | Farm |
| 21:13 | Build | Farm |
| 21:43 | Build | Barracks |
| 21:55 | Build | Stone Wall |
| 21:55 | Build | Stone Wall |
| 21:56 | Build | Stone Wall |
| 21:57 | Build | Stone Wall |
| 22:30 | Queue | Spearman |
| 22:33 | Queue | Villager (Male) |
| 22:48 | Research | Gold Mining |
| 22:55 | Age | Castle Age |
| 23:00 | Build | Monastery |
| 23:06 | Build | House |
| 23:07 | Build | House |
| 23:18 | Queue | Spearman |
| 23:21 | Queue | Villager (Male) |
| 23:28 | Research | Bow Saw |
| 23:29 | Research | Bow Saw |
| 23:42 | Build | House |
| 23:49 | Queue | Monk |
| 23:55 | Queue | Villager (Male) |
| 24:09 | Build | Watch Tower |
| 24:18 | Queue | Monk |
| 24:21 | Queue | Spearman |
| 24:28 | Build | Mining Camp |
| 24:43 | Queue | Villager (Male) |
| 24:54 | Queue | Monk |
| 25:00 | Queue | Villager (Male) |
| 25:06 | Build | House |
| 25:12 | Research | Stone Mining |
| 25:12 | Queue | Villager (Male) |
| 25:25 | Build | House |
| 25:38 | Queue | Monk |
Build order — is it pink?
First 150 of 410 actions detected
| 0:01 | Queue | Villager (Male) |
| 0:02 | Build | House |
| 0:04 | Build | House |
| 0:15 | Queue | Villager (Male) |
| 0:15 | Queue | Villager (Male) |
| 0:16 | Queue | Villager (Male) |
| 0:16 | Queue | Villager (Male) |
| 1:27 | Queue | Villager (Male) |
| 1:47 | Build | Lumber Camp |
| 1:50 | Queue | Villager (Male) |
| 2:21 | Queue | Villager (Male) |
| 2:49 | Queue | Villager (Male) |
| 3:17 | Queue | Villager (Male) |
| 3:26 | Build | House |
| 3:31 | Queue | Villager (Male) |
| 4:03 | Queue | Villager (Male) |
| 4:07 | Build | Mill |
| 4:33 | Queue | Villager (Male) |
| 4:45 | Queue | Villager (Male) |
| 5:04 | Queue | Villager (Male) |
| 5:16 | Queue | Villager (Male) |
| 5:23 | Build | House |
| 5:29 | Build | Mill |
| 5:36 | Queue | Villager (Male) |
| 6:07 | Queue | Villager (Male) |
| 6:32 | Queue | Villager (Male) |
| 6:40 | Queue | Villager (Male) |
| 6:44 | Build | Mining Camp |
| 6:49 | Queue | Villager (Male) |
| 7:17 | Queue | Villager (Male) |
| 7:59 | Queue | Villager (Male) |
| 8:21 | Research | Feudal Age |
| 8:57 | Queue | Villager (Male) |
| 8:57 | Research | Loom |
| 9:15 | Build | House |
| 9:16 | Build | House |
| 10:23 | Queue | Villager (Male) |
| 10:34 | Age | Feudal Age |
| 10:45 | Build | Market |
| 10:49 | Build | Stone Wall |
| 11:06 | Build | Blacksmith |
| 11:12 | Build | Stone Wall |
| 12:00 | Research | Castle Age |
| 12:01 | Research | Castle Age |
| 12:21 | Build | Stone Wall |
| 12:56 | Research | Double-Bit Axe |
| 12:59 | Build | Farm |
| 13:11 | Build | Farm |
| 13:28 | Build | Farm |
| 13:34 | Queue | Villager (Male) |
| 13:43 | Build | Farm |
| 14:05 | Build | Farm |
| 14:40 | Age | Castle Age |
| 14:47 | Build | Castle |
| 15:33 | Queue | Villager (Male) |
| 15:50 | Build | House |
| 15:51 | Build | House |
| 16:14 | Build | Farm |
| 16:18 | Build | Farm |
| 16:27 | Queue | Villager (Male) |
| 16:35 | Build | Town Center |
| 16:45 | Queue | Villager (Male) |
| 16:45 | Queue | Villager (Male) |
| 17:11 | Queue | Villager (Male) |
| 17:22 | Build | Farm |
| 17:24 | Build | Farm |
| 17:25 | Queue | Villager (Male) |
| 17:30 | Build | Farm |
| 17:52 | Queue | Villager (Male) |
| 17:58 | Build | Farm |
| 17:59 | Build | Farm |
| 18:19 | Build | Farm |
| 18:22 | Build | Farm |
| 18:26 | Queue | Villager (Male) |
| 18:26 | Queue | Villager (Male) |
| 18:46 | Queue | Villager (Male) |
| 18:51 | Queue | Villager (Male) |
| 19:19 | Queue | Villager (Male) |
| 19:27 | Build | Town Center |
| 19:28 | Queue | Villager (Male) |
| 19:30 | Queue | Villager (Male) |
| 19:39 | Build | Farm |
| 19:40 | Queue | Villager (Male) |
| 19:54 | Queue | Villager (Male) |
| 19:59 | Build | Farm |
| 20:08 | Queue | Villager (Male) |
| 20:17 | Queue | Villager (Male) |
| 20:25 | Queue | Villager (Male) |
| 20:38 | Build | Farm |
| 20:39 | Build | Farm |
| 20:43 | Queue | Villager (Male) |
| 20:49 | Queue | Villager (Male) |
| 20:53 | Queue | Villager (Male) |
| 20:59 | Queue | Villager (Male) |
| 21:05 | Build | Farm |
| 21:24 | Build | Farm |
| 21:25 | Queue | Villager (Male) |
| 21:28 | Build | Farm |
| 21:28 | Queue | Villager (Male) |
| 21:30 | Queue | Villager (Male) |
| 21:43 | Build | House |
| 21:43 | Build | House |
| 21:50 | Build | House |
| 21:51 | Build | House |
| 21:52 | Queue | Villager (Male) |
| 21:52 | Queue | Villager (Male) |
| 21:53 | Build | House |
| 21:54 | Build | House |
| 21:55 | Queue | Villager (Male) |
| 22:00 | Queue | Villager (Male) |
| 22:08 | Queue | Villager (Male) |
| 22:14 | Build | Farm |
| 22:15 | Build | Farm |
| 22:26 | Queue | Villager (Male) |
| 22:26 | Queue | Villager (Male) |
| 22:37 | Queue | Villager (Male) |
| 22:37 | Queue | Villager (Male) |
| 22:40 | Build | Farm |
| 22:48 | Queue | Villager (Male) |
| 22:55 | Queue | Villager (Male) |
| 22:58 | Queue | Villager (Male) |
| 23:00 | Build | Outpost |
| 23:12 | Research | Town Watch |
| 23:22 | Build | Farm |
| 23:24 | Build | Farm |
| 23:32 | Build | Outpost |
| 23:33 | Queue | Villager (Male) |
| 23:44 | Queue | Villager (Male) |
| 23:45 | Queue | Villager (Male) |
| 23:45 | Queue | Villager (Male) |
| 23:46 | Queue | Villager (Male) |
| 23:49 | Build | Farm |
| 23:53 | Queue | Villager (Male) |
| 23:58 | Build | Farm |
| 23:59 | Build | Farm |
| 24:00 | Build | Farm |
| 24:01 | Build | Farm |
| 24:07 | Queue | Villager (Male) |
| 24:08 | Queue | Villager (Male) |
| 24:08 | Queue | Villager (Male) |
| 24:23 | Build | Castle |
| 24:34 | Build | Mining Camp |
| 24:34 | Queue | Villager (Male) |
| 24:36 | Queue | Villager (Male) |
| 24:41 | Queue | Villager (Male) |
| 24:41 | Queue | Villager (Male) |
| 24:57 | Queue | Villager (Male) |
| 24:59 | Build | House |
| 25:00 | Build | House |
| 25:01 | Queue | Villager (Male) |
Match timeline
| 8:51 | Scol1ng · age_up feudal |
| 10:34 | is it pink? · age_up feudal |
| 10:49 | is it pink? · wall_segment Stone Wall x1 |
| 11:12 | is it pink? · wall_segment Stone Wall x1 |
| 11:47 | is it pink? · first_market_sell 100 stone |
| 12:21 | is it pink? · wall_segment Stone Wall x8 |
| 14:40 | is it pink? · age_up castle |
| 14:47 | is it pink? · first_building Castle |
| 15:53 | Scol1ng · wall_segment Stone Wall x1 |
| 15:53 | Scol1ng · wall_segment Stone Wall x1 |
| 15:54 | Scol1ng · wall_segment Stone Wall x1 |
| 15:54 | Scol1ng · wall_segment Stone Wall x1 |
| 15:54 | Scol1ng · wall_segment Stone Wall x1 |
| 15:55 | Scol1ng · wall_segment Stone Wall x1 |
| 15:55 | Scol1ng · wall_segment Stone Wall x1 |
| 15:55 | Scol1ng · wall_segment Stone Wall x1 |
| 15:56 | Scol1ng · wall_segment Stone Wall x1 |
| 16:08 | Scol1ng · wall_segment Stone Wall x1 |
| 16:08 | Scol1ng · wall_segment Stone Wall x1 |
| 16:09 | Scol1ng · wall_segment Stone Wall x1 |
| 16:10 | Scol1ng · wall_segment Stone Wall x1 |
| 17:00 | Scol1ng · wall_segment Stone Wall x1 |
| 17:05 | Scol1ng · wall_segment Stone Wall x9 |
| 17:06 | Scol1ng · wall_segment Stone Wall x1 |
| 17:06 | Scol1ng · wall_segment Stone Wall x1 |
| 17:07 | Scol1ng · wall_segment Stone Wall x1 |
| 18:12 | Scol1ng · wall_segment Stone Wall x8 |
| 18:57 | Scol1ng · wall_segment Stone Wall x6 |
| 19:51 | Scol1ng · first_market_sell 100 food |
| 20:13 | Scol1ng · wall_segment Stone Wall x7 |
| 20:13 | Scol1ng · wall_segment Stone Wall x2 |
| 20:14 | Scol1ng · wall_segment Stone Wall x1 |
| 20:15 | Scol1ng · wall_segment Stone Wall x8 |
| 21:43 | Scol1ng · first_building Barracks |
| 21:55 | Scol1ng · wall_segment Stone Wall x1 |
| 21:55 | Scol1ng · wall_segment Stone Wall x1 |
| 21:56 | Scol1ng · wall_segment Stone Wall x1 |
| 21:57 | Scol1ng · wall_segment Stone Wall x1 |
| 22:55 | Scol1ng · age_up castle |
| 23:00 | Scol1ng · first_building Monastery |
| 26:33 | Scol1ng · wall_segment Stone Wall x6 |
| 26:35 | Scol1ng · wall_segment Stone Wall x16 |
| 28:34 | Scol1ng · first_building Archery Range |
| 28:37 | Scol1ng · first_building Siege Workshop |
| 31:14 | Scol1ng · age_up imperial |
| 32:11 | Scol1ng · first_market_buy 100 stone |
| 32:27 | Scol1ng · first_building Castle |
| 32:54 | is it pink? · age_up imperial |
| 35:56 | is it pink? · first_building Barracks |
| 36:37 | is it pink? · first_building Archery Range |
| 36:59 | is it pink? · first_building Siege Workshop |
| 37:16 | Scol1ng · first_building Stable |
| 39:56 | is it pink? · first_building Stable |
| 49:17 | Scol1ng · resign |
[ AI ANALYSIS · 1 CREDIT ]
What really happened in this match?
Wolo.gg analyzes every decision: build order, eco, micro, common mistakes by bracket. Personalized analysis on WhatsApp or Discord in 30 seconds.
Civ guide
Teutons
Perfil
Scol1ng